 Dungeon Crawl Stone Soup version 0.19.0-16-g73b5abf (webtiles) character file.

536 shmeve the Chopper (level 7, -2/62 HPs)
             Began as a Minotaur Berserker on Nov 10, 2016.
             Was a Priest of Trog.
             Slain by an orc warrior
             ... wielding a cursed -1 trident
              (6 damage)
             ... on level 6 of the Dungeon.
             The game lasted 00:06:55 (2765 turns).

shmeve the Chopper (Minotaur Berserker)             Turns: 2765, Time: 00:06:55

Health: -2/62      AC: 13    Str: 23    XL:     7   Next: 4%
Magic:  6/6        EV:  9    Int:  4    God:    Trog [***...]
Gold:   227        SH:  0    Dex: 10    Spells: 0 memorised, 6 levels left

rFire  . . .     SeeInvis .     a - +0 hand axe
rCold  . . .     Gourm    .     u - +0 chain mail
rNeg   . . .     Faith    .     (no shield)
rPois  .         Spirit   .     (helmet restricted)
rElec  .         Reflect  .     x - +0 cloak
rCorr  .         Harm     .     h - +0 pair of gloves
MR     .....                    g - +0 pair of boots (curse)
Stlth  ..........               (no amulet)
                                (no ring)
                                (no ring)

@: no status effects
A: retaliatory headbutt, horns 2
a: Berserk, Trog's Hand, Burn Spellbooks, Renounce Religion


You were on level 6 of the Dungeon.
You worshipped Trog.
Trog was most pleased with you.
You were not hungry.

You visited 1 branch of the dungeon, and saw 5 of its levels.

You collected 227 gold pieces.

Inventory:

Hand Weapons
 a - a +0 hand axe (weapon)
Armour
 g - a cursed +0 pair of boots (worn)
 h - a +0 pair of gloves (worn)
 u - a +0 chain mail (worn)
 x - a +0 cloak (worn)
Scrolls
 e - 8 scrolls of identify {unknown}
 i - a scroll of fog {unknown}
 k - 3 scrolls of remove curse {unknown}
 o - 3 scrolls of blinking {unknown}
 p - 2 scrolls of random uselessness {unknown}
 r - a scroll of noise {unknown}
 v - a scroll of fear {unknown}
Potions
 b - 2 potions of curing {unknown}
 d - 2 potions of lignification {unknown}
 j - a potion of agility
 l - a potion of invisibility {unknown}
 m - a potion of might {unknown}
 n - a potion of ambrosia {unknown}
 q - a potion of heal wounds {unknown}
 t - a potion of haste {unknown}
 w - a potion of brilliance {unknown}
Comestibles
 c - 5 bread rations
 f - a chunk of flesh
 s - 2 meat rations
 z - a slice of pizza


   Skills:
 * Level 5.8 Fighting
 * Level 6.2 Axes
 + Level 2.1 Throwing
 + Level 4.2 Armour
 + Level 3.8 Dodging


You had 6 spell levels left.
You didn't know any spells.

Dungeon Overview and Level Annotations

Branches:
Dungeon (6/15)
 Temple: D:4-7

Altars:
Dithmenos
Hepliaklqana
Okawaru
Xom


Innate Abilities, Weirdness & Mutations

You reflexively headbutt those who attack you in melee.
You have a pair of horns on your head.


Message History

An orc warrior is nearby!
Welcome back, shmeve the Minotaur Berserker.
Trog says: Kill them all!
Press ? for a list of commands and other information.
An orc wizard comes into view. It is wielding a dagger.
An orc comes into view. It is wielding a club.
The orc shouts!
The orc warrior hits you with an enchanted trident!
* * * LOW HITPOINT WARNING * * *
You hit the orc warrior but do no damage.
The orc warrior hits you with an enchanted trident!
* * * LOW HITPOINT WARNING * * *
The orc wizard gestures at you while chanting.
The magic dart hits you!
A giant cockroach comes into view.
You hit the orc warrior but do no damage.
You headbutt the orc warrior.
The orc warrior is moderately wounded.
The orc warrior hits you with an enchanted trident.
You die...

.......... #..# #.#
+.......... #..# #.#
##.......... #..# #.#
............ #..# #.#
#........... #..#
#.#.###...........
#..####.#...#...........
######..#....###...........##
............@o...o.........#
#######...........s........#
#....................#
#..........o.........#
#...[.......)........#
#....................#
#.#.######..)(.......#
#.#.######.###########
#.#......)...#


You could see an orc warrior, an orc wizard, an orc and a giant cockroach.

Vanquished Creatures
  2 ogres (D:6)
  A centaur (D:6)
  A howler monkey (D:6)
  A jelly (D:6)
  An orc priest (D:3)
  Jessica (D:2)
  7 adders
  A shadow imp (D:6)
  2 worms
  A dart slug (D:3)
  4 leopard geckos
  6 orcs
  A giant cockroach (D:3)
  12 goblins
  10 hobgoblins
  3 jackals (D:3)
  A quokka (D:2)
  11 bats
  6 frilled lizards
  5 kobolds
  10 rats
87 creatures vanquished.

Notes
Turn   | Place    | Note
-------+----------+-------------------------------------------
     0 | D:1      | shmeve the Minotaur Berserker began the quest for the Orb.
     0 | D:1      | Reached XP level 1. HP: 19/19 MP: 0/0
   448 | D:1      | Reached XP level 2. HP: 24/27 MP: 1/1
   898 | D:2      | Reached skill level 4 in Axes
   898 | D:2      | Reached XP level 3. HP: 13/33 MP: 2/2
  1032 | D:2      | Reached ** piety under Trog
  1396 | D:2      | Found a shimmering altar of Xom.
  1579 | D:2      | Noticed Jessica
  1580 | D:2      | Killed Jessica
  1580 | D:2      | Reached skill level 1 in Throwing
  1580 | D:2      | Reached XP level 4. HP: 41/41 MP: 3/3
  1907 | D:3      | Found a shadowy altar of Dithmenos.
  1908 | D:3      | Found a hazy altar of Hepliaklqana.
  1946 | D:3      | Found an iron altar of Okawaru.
  2003 | D:3      | Reached XP level 5. HP: 31/47 MP: 4/4
  2063 | D:3      | Reached *** piety under Trog
  2189 | D:3      | Reached skill level 5 in Axes
  2533 | D:4      | You fall through a shaft for 2 floors!
  2540 | D:6      | Reached skill level 5 in Fighting
  2647 | D:6      | Noticed a centaur
  2652 | D:6      | Killed a centaur
  2652 | D:6      | Reached XP level 6. HP: 42/56 MP: 5/5
  2693 | D:6      | Reached skill level 6 in Axes
  2694 | D:6      | Reached XP level 7. HP: 14/62 MP: 6/6
  2761 | D:6      | Upgraded the game from 0.19.0-11-g3fc08b3 to 0.19.0-16-g73b5abf
  2765 | D:6      | Slain by an orc warrior

Skill      XL: |  1  2  3  4  5  6 |
---------------+-------------------+-----
Fighting       | 4 5 |  5.8
Axes           | 4 5 6 |  6.2
Armour         | 3 4 |  4.2
Throwing       | 1 2 |  2.1
Dodging        | 3 |  3.8

Action                   |  1- 3 |  4- 6 |  7- 9 || total
-------------------------+-------+-------+-------++-------
Melee: Hand axe          |    76 |   108 |     5 ||   189
       Headbutt          |    10 |    19 |     1 ||    30
Invok: Burn Spellbooks   |       |     1 |       ||     1
       Berserk           |       |     1 |       ||     1
 Stab: Sleeping          |     2 |       |       ||     2
  Eat: Chunk             |     2 |     4 |     1 ||     7
Armor: Animal skin       |    16 |    19 |       ||    35
       Chain mail        |       |    51 |     3 ||    54
Dodge: Dodged            |    53 |    77 |     1 ||   131
